 Dungeon Crawl Stone Soup version 0.14.0-12-g87ee3b7 (console) character file.

66701 Garrluk the Scorcher (level 14, -4/86 HPs)
             Began as a Deep Elf Fire Elementalist on Apr 14, 2014.
             Was a High Priest of Vehumet.
             Killed from afar by an ogre mage (26 damage)
             ... with a bolt of lightning
             ... on Level 3 of the Orcish Mines on Apr 15, 2014.
             The game lasted 02:08:20 (24838 turns).

Garrluk the Scorcher (Deep Elf Fire Elementalist)  Turns: 24838, Time: 02:08:21

HP  -4/86        AC  8     Str 11      XL: 14   Next: 73%
MP  21/40        EV 19     Int 30 (32) God: Vehumet [*****.]
Gold 1710        SH  0     Dex 15      Spells:  9 memorised,  0 levels left

rFire  . . .     SeeInvis .     K - +2,+3 short sword (elec)
rCold  . . .     Clarity  +     I - +2 robe of the Orb Guardian {+Blink Str+4 Int+4}
rNeg   . . .     Conserve .     (no shield)
rPois  +         rCorr    .     q - +0 helmet
rElec  .         rRot     .     k - +1 cloak {rPois}
SustAb . .       Spirit   .     (no gloves)
rMut   .         Warding  .     j - +0 pair of boots
Saprov . . .     Stasis   .     a - amulet of clarity
MR     +....                    Q - ring of wizardry
                                (no ring)

@: somewhat resistant to hostile enchantments, fairly stealthy
A: clever 1, high mp 1, slow healing 1, slow metabolism 1, strong 1
a: Renounce Religion, Evoke Blink


You were on level 3 of the Orcish Mines.
You worshipped Vehumet.
Vehumet was extremely pleased with you.
You were not hungry.

You visited 4 branches of the dungeon, and saw 24 of its levels.
You visited the Abyss 1 time.
You also visited: Labyrinth and Sewer.

You collected 2005 gold pieces.
You spent 295 gold pieces at shops.

Inventory:

Hand weapons
 K - a +2,+3 short sword of electrocution (weapon)
Armour
 j - a +0 pair of boots (worn)
 k - a +1 cloak of poison resistance (worn)
 q - a +0 helmet (worn)
 I - the +2 robe of the Orb Guardian (worn) {+Blink Str+4 Int+4}
   (You found it on level 4 of the Dungeon)

   It affects your strength (+4).
   It affects your intelligence (+4).
   It lets you blink.
Magical devices
 l - a wand of fireball (2) {unknown}
 p - a wand of cold (3)
 v - a wand of disintegration (8)
 w - a wand of draining (4)
Comestibles
 c - 3 bread rations
 m - a chunk of hell hound flesh
Scrolls
 f - a scroll of vulnerability {unknown}
 n - 3 scrolls of fog
 t - 5 scrolls of identify
 y - a scroll of blinking
 H - 6 scrolls of remove curse
 J - a scroll of silence
 O - 3 scrolls of magic mapping
 U - 2 scrolls of holy word
Jewellery
 a - an amulet of clarity (around neck)
 d - an uncursed ring of teleportation
 h - an uncursed amulet of stasis
 A - an uncursed ring of protection from fire
 E - an uncursed ring of protection from magic
 N - an uncursed ring of magical power
 Q - a ring of wizardry (right hand)
Potions
 b - 4 potions of haste
 e - a potion of restore abilities
 i - 3 potions of curing
 x - a potion of magic
 T - 2 potions of resistance


   Skills:
 + Level 9.1 Fighting
 - Level 11.2 Dodging
 - Level 2.4 Stealth
 - Level 13.7 Spellcasting
 + Level 11.8 Conjurations
 + Level 6.4 Charms
 * Level 16.8 Fire Magic


You couldn't memorise any spells.
You knew the following spells:

 Your Spells              Type           Power        Failure   Level  Hunger
a - Flame Tongue          Conj/Fire      #####        0%          1    None
b - Sticky Flame          Conj/Fire      #######.     1%          4    None
c - Conjure Flame         Conj/Fire      #######.     1%          3    None
d - Freezing Cloud        Conj/Ice/Air   #####.....   16%         6    ####...
e - Deflect Missiles      Chrm/Air       #####.....   58%         6    ####...
f - Orb of Destruction    Conj           ######....   2%          7    #####..
j - Ignite Poison         Fire/Trmt      ######....   1%          5    None
u - Flight                Chrm/Air       #####.....   1%          3    None
D - Fireball              Conj/Fire      #######...   1%          5    None


Dungeon Overview and Level Annotations

Branches:
Dungeon (11/15)            Temple (1/1) D:7             Orc (4/4) D:10
   Lair (8/8) D:11          Swamp (0/5) Lair:6       Spider (0/5) Lair:4
  Slime (0/6) Lair:6
    Elf: Orc:3-4

Altars:
Ashenzari
Cheibriados
Dithmenos
Elyvilon
Fedhas
Kikubaaqudgha
Makhleb
Nemelex Xobeh
Okawaru
Sif Muna
Trog
Vehumet
Xom
Yredelemnul
Zin
The Shining One

Shops:
D:5 (   D:8 [*=([   Orc:2 ?

Annotations:
D:11 Nergalle
Orc:4 Nessos, Urug


Innate Abilities, Weirdness & Mutations

Your mind is acute. (Int +2)
You have an increased reservoir of magic (+10% MP).
You heal slowly when monsters are visible.
You have a slow metabolism.
Your muscles are strong. (Str +2)


Message History

The ogre mage gestures at the ogre mage while chanting.
The ogre mage seems to speed up.
Use which ability? (? or * to list)
You blink.
You feel slightly more hungry.
The warg barks!
The ogre mage mumbles some strange words.
The ogre mage blinks!
The ogre mage hits you with a club.
Casting: Sticky Flame
Confirm with . or Enter, or press ? or * to list all spells.
Aiming: Sticky Flame
Press: ? - help, Shift-Dir - straight line, f - ogre mage
Aim: an ogre mage, wielding a club and wearing a robe (moving very quickly)
The sticky flame hits the ogre mage.
The ogre mage is moderately wounded.
The ogre mage is covered in liquid flames!
The ogre mage burns!
The ogre mage hits you with a club!
* * * LOW HITPOINT WARNING * * *
The ogre mage gestures at you while chanting.
The bolt of lightning hits you!
You die...

### #........ ##.##
##.#...#. ###
####...###.###.### ##.##
##.##..###...#### #
#...###......##...##
#....#...#.........#
##................## ###
##............#.#...###.##
#.........ยง..........#...#
##.##.#....>.........<..##
####.O..@.[.))...#......#
##.#......Oo.)...##......#
##...#....h.T......#....)..
##..........................
#.........................#.
##.##.#.#.###.#...#.##...###
########## ##############


You could see 2 ogre magi, a troll, a warg and an orc.

Vanquished Creatures
  Saint Roka (Orc:3)
  Rupert (Lair:5)
  The ghost of Scytale the Destroyer, a powerful TeAE of Ashenzari (Orc:3)
  A minotaur (Lab)
  A blizzard demon (Abyss:4)
  4 hydras
  The ghost of Broswagonist the Necromancer, a powerful DsNe of Kikubaaqudgha (Lair:4)
  An orc high priest (Orc:3)
  3 hill giants
  2 orc sorcerers
  2 sixfirhies
  3 elephants (Lair:8)
  A gargoyle (D:10)
  25 spiny frogs
  3 black mambas
  Psyche (D:8)
  10 komodo dragons
  A wandering mushroom (Lair:8)
  2 fire drakes
  3 trolls
  2 giant leeches (Lair:6)
  2 jumping spiders (Lair:4)
  A raiju (Abyss:4)
  Prince Ribbit (D:5)
  A hydra skeleton (D:9)
  2 two-headed ogres (Orc:3)
  46 blink frogs
  2 brown oozes (Lair:6)
  2 trapdoor spiders (Lab)
  28 yaks
  An elephant slug (Lair:5)
  5 sharks (Lair:8)
  2 redbacks (Lair:4)
  A neqoxec (Abyss:4)
  A ynoxinul (Orc:2)
  8 hippogriffs
  2 steam dragons
  8 vampire mosquitoes
  A hill giant skeleton (D:11)
  15 wolves
  A swamp worm (Lair:6)
  3 wargs
  5 necrophages (Lair:4)
  3 ice beasts
  An orange crystal statue (Orc:1)
  9 porcupines
  12 water moccasins
  A hell hound (Abyss:4)
  14 orc warriors
  A sky beast (D:8)
  A spiny frog skeleton (Lair:4)
  2 yellow wasps
  A spider (Lair:4)
  2 blink frog zombies (Lair:4)
  3 giant goldfish (Lair:8)
  6 centaurs
  2 phantoms (D:9)
  15 ogres
  Sigmund (D:3)
  A blink frog skeleton (Lair:4)
  A komodo dragon zombie (Lair:4)
  33 giant frogs
  A big kobold (Sewer)
  12 crocodiles
  5 giant slugs
  2 scorpions (D:7)
  2 yak zombies
  3 electric eels (D:11)
  25 killer bees
  A hippogriff skeleton (D:7)
  8 wights
  A troll skeleton (D:7)
  4 yak skeletons
  3 crimson imps
  8 hounds
  2 goliath beetles
  2 giant frog zombies (D:5)
  6 big fish
  A jelly (Lair:6)
  9 orc priests
  12 worker ants
  8 iguanas
  17 orc wizards
  7 sheep (Lair:6)
  An ogre skeleton (D:10)
  Terence (D:3)
  A hound skeleton (D:10)
  A steam dragon zombie (Lair:4)
  18 adders
  3 gnolls (D:6)
  38 green rats
  A giant mite (D:6)
  An inept feature mimic (D:4)
  2 shadow imps
  8 worms
  2 giant eyeballs
  9 giant geckos
  An ooze (Lair:6)
  96 orcs
  6 ball pythons
  26 bats
  3 giant cockroaches
  13 goblins
  19 hobgoblins
  30 jackals
  12 quokkas
  5 giant newts
  26 kobolds
  A kobold skeleton (D:7)
  An orc skeleton (D:4)
  An orc zombie (D:8)
  42 rats
  2 spectral orcs (D:11)
  4 ballistomycetes (D:8)
  A bush (Lair:7)
  6 fungi
  9 plants
845 creatures vanquished.

Vanquished Creatures (others)
  A giant spore (D:8)
  3 fungi
  A plant (Lair:8)
  4 starspawn tentacles (Abyss:1)
  41 starspawn tentacle segments (Abyss:1)
50 creatures vanquished.

Grand Total: 895 creatures vanquished

Notes
Turn   | Place    | Note
--------------------------------------------------------------
     0 | D:1      | Garrluk, the Deep Elf Fire Elementalist, began the quest for the Orb.
     0 | D:1      | Reached XP level 1. HP: 10/10 MP: 5/5
   409 | D:1      | Reached XP level 2. HP: 10/15 MP: 6/8
   506 | D:1      | Found an iron altar of Okawaru.
   849 | D:2      | Reached skill level 4 in Fire Magic
   892 | D:2      | Reached XP level 3. HP: 19/19 MP: 6/11
   901 | D:2      | Learned a level 3 spell: Conjure Flame
  1409 | D:3      | Found a glowing drain.
  1458 | Sewer    | Entered a sewer
  1506 | Sewer    | Reached XP level 4. HP: 24/24 MP: 7/14
  1764 | Sewer    | Reached skill level 5 in Fire Magic
  1770 | Sewer    | Reached XP level 5. HP: 21/28 MP: 1/18
  1965 | Sewer    | HP: 1/28 [green rat (7)]
  2079 | Sewer    | Noticed a big kobold
  2124 | Sewer    | Killed a big kobold
  2317 | D:3      | Reached skill level 5 in Spellcasting
  2458 | D:3      | Found a bloodstained altar of Trog.
  2465 | D:3      | Reached XP level 6. HP: 30/32 MP: 15/21
  2498 | D:3      | Noticed Terence
  2512 | D:3      | Killed Terence
  2569 | D:3      | Noticed Sigmund
  2585 | D:3      | Learned a level 4 spell: Sticky Flame
  2955 | D:3      | Killed Sigmund
  2955 | D:3      | Reached skill level 6 in Fire Magic
  3142 | D:4      | Found an ancient bone altar of Kikubaaqudgha.
  3158 | D:4      | Got a tattered robe
  3165 | D:4      | Identified the +2 robe of the Orb Guardian {+Blink Str+4 Int+4} (You found it on level 4 of the Dungeon)
  3354 | D:4      | Reached XP level 7. HP: 34/36 MP: 13/23
  3392 | D:4      | Found a staircase to the Ecumenical Temple.
  3411 | D:4      | the staircase to the Ecumenical Temple was a mimic.
  3490 | D:5      | Entered Level 5 of the Dungeon
  3645 | D:5      | Noticed Prince Ribbit
  3659 | D:5      | Killed Prince Ribbit
  3659 | D:5      | Reached skill level 7 in Fire Magic
  3785 | D:5      | Got a fine leather armour
  3792 | D:5      | Identified the +0 leather armour of the Hot Ocelot {Int+3 Acc+6} (You found it on level 5 of the Dungeon)
  3800 | D:5      | Found Rautuggu's Weapon Boutique.
  4117 | D:6      | Learned a level 5 spell: Fireball
  4137 | D:6      | Reached XP level 8. HP: 42/42 MP: 12/25
  4158 | D:6      | Reached skill level 1 in Fighting
  4180 | D:6      | Reached skill level 8 in Fire Magic
  4185 | D:6      | Found a glowing golden altar of the Shining One.
  4188 | D:6      | Noticed a hill giant
  4213 | D:5      | Learned a level 5 spell: Ignite Poison
  4256 | D:6      | Reached skill level 5 in Conjurations
  4790 | D:6      | Killed a hill giant
  4790 | D:6      | Reached skill level 9 in Fire Magic
  4935 | D:6      | Reached XP level 9. HP: 49/49 MP: 11/28
  5439 | D:7      | Gained mutation: You heal slowly when monsters are visible. [potion of mutation]
  5439 | D:7      | Gained mutation: You have a slow metabolism. [potion of mutation]
  5439 | D:7      | Gained mutation: Your mind is acute. (Int +2) [potion of mutation]
  5490 | D:7      | Paralysed by a potion of paralysis for 2 turns
  5718 | D:7      | Learned a level 3 spell: Flight
  5820 | D:7      | Reached skill level 10 in Fire Magic
  6674 | D:7      | Found a staircase to the Ecumenical Temple.
  6681 | Temple   | Entered the Ecumenical Temple
  6707 | Temple   | Became a worshipper of Vehumet
  6877 | D:8      | Reached XP level 10. HP: 56/56 MP: 20/31
  6925 | D:8      | Found Lotiweop's Antique Armour Emporium.
  6946 | D:8      | Bought a thick robe for 165 gold pieces
  6946 | D:8      | Bought an embroidered cloak for 130 gold pieces
  6955 | D:8      | Identified the cursed +2 robe of the Turtledove {Stlth} (You bought it in a shop on level 8 of the Dungeon)
  6973 | D:8      | Noticed Psyche
  6978 | D:8      | Killed Psyche
  6978 | D:8      | Reached skill level 11 in Fire Magic
  7005 | D:8      | Found Celietim's Jewellery Shoppe.
  7088 | D:8      | Found Tayd Qukk's Weapon Emporium.
  7129 | D:8      | Found Odon's Assorted Antiques.
  7196 | D:8      | Found a burning altar of Makhleb.
  7238 | D:8      | Acquired Vehumet's first power
  7238 | D:8      | Offered knowledge of Magic Dart by Vehumet.
  7481 | D:8      | Found Sedwut's Antique Armour Shoppe.
  7998 | D:9      | Reached skill level 10 in Spellcasting
  8146 | D:9      | Reached skill level 5 in Dodging
  8356 | D:9      | Offered knowledge of Searing Ray by Vehumet.
  8360 | D:9      | Reached skill level 12 in Fire Magic
  8372 | D:10     | Entered Level 10 of the Dungeon
  8372 | D:10     | Noticed a hill giant
  8435 | D:9      | Reached skill level 5 in Fighting
  8584 | D:9      | Reached XP level 11. HP: 37/63 MP: 26/32
  8839 | D:9      | Offered knowledge of Static Discharge by Vehumet.
  9158 | D:10     | Killed a hill giant
  9276 | D:10     | Gained mutation: Your muscles are strong. (Str +2) [potion of beneficial mutation]
  9382 | D:10     | Found a staircase to the Orcish Mines.
  9514 | Orc:1    | Entered Level 1 of the Orcish Mines
  9642 | Orc:2    | Acquired Vehumet's second power
  9682 | Orc:2    | Found Buditeug's Magic Scroll Shoppe.
  9861 | Orc:3    | Noticed an orc high priest
  9865 | Orc:3    | Killed an orc high priest
 10034 | Orc:3    | Offered knowledge of Dazzling Spray by Vehumet.
 10066 | Orc:4    | Entered Level 4 of the Orcish Mines
 10368 | D:11     | Noticed Nergalle
 10392 | D:11     | Found a staircase to the Lair.
 10417 | D:11     | Found a glowing silver altar of Zin.
 10465 | D:11     | Noticed a hill giant
 10489 | D:11     | Killed a hill giant
 10497 | D:11     | Paralysed by a giant eyeball for 2 turns
 10531 | D:11     | Found a labyrinth entrance.
 10541 | Lab      | Entered a labyrinth
 11321 | Lab      | Noticed a minotaur
 11368 | Lab      | Killed a minotaur
 11368 | Lab      | Acquired Vehumet's third power
 11368 | Lab      | Reached skill level 13 in Fire Magic
 11370 | Lab      | Got a bronze storm dragon armour
 11388 | Lab      | Got a crude bronze amulet
 11388 | Lab      | Got a shimmering platinum amulet
 11435 | D:11     | Identified the +7 storm dragon armour of the Comet {+Rage rElec rC+} (You took it off a minotaur in a labyrinth)
 11452 | D:11     | Identified the amulet "Caotoumn" {Spirit Dex+3 Dam-4} (You found it in a labyrinth)
 11453 | D:11     | Identified the amulet of Xisad {+Rage Dex+4} (You found it in a labyrinth)
 11561 | Lair:1   | Entered Level 1 of the Lair of Beasts
 11624 | Lair:2   | Offered knowledge of Iskenderun's Mystic Blast by Vehumet.
 11695 | Lair:2   | Reached XP level 12. HP: 53/70 MP: 6/34
 11888 | Lair:2   | Learned a level 6 spell: Freezing Cloud
 12008 | Lair:2   | Noticed a six-headed hydra
 12016 | Lair:2   | Killed a six-headed hydra
 12418 | Lair:1   | Noticed a five-headed hydra
 12425 | Lair:1   | Killed a five-headed hydra
 12562 | Lair:1   | Offered knowledge of Spellforged Servitor by Vehumet.
 13314 | Lair:3   | Reached skill level 14 in Fire Magic
 13456 | Lair:3   | Reached skill level 10 in Conjurations
 14684 | Lair:4   | Noticed Broswagonist's ghost (powerful DsNe)
 14951 | Lair:4   | Reached XP level 13. HP: 64/76 MP: 34/36
 15178 | Lair:4   | Killed Broswagonist's ghost
 16028 | Lair:4   | Found a hole to the Spider Nest.
 16083 | Lair:5   | Noticed Rupert
 16223 | Lair:5   | Killed Rupert
 16388 | Lair:5   | Reached skill level 15 in Fire Magic
 16457 | Lair:5   | Offered knowledge of Bolt of Magma by Vehumet.
 16493 | Lair:5   | Got a transparent war axe
 16494 | Lair:5   | Identified the +4,+5 war axe of Zigyon {chop, +Fly rPois Int-3} (You found it on level 5 of the Lair of Beasts)
 16922 | Lair:6   | Gained mutation: You have an increased reservoir of magic (+10% MP). [potion of beneficial mutation]
 16973 | Lair:6   | Got a heavily runed scale mail
 16974 | Lair:6   | Identified the cursed -4 scale mail of the Wumpus {+Blink rC+ SInv} (You found it on level 6 of the Lair of Beasts)
 17206 | Lair:6   | Reached skill level 10 in Dodging
 17471 | Lair:6   | Found a staircase to the Slime Pits.
 17653 | Lair:6   | Found a staircase to the Swamp.
 19529 | Lair:8   | Entered Level 8 of the Lair of Beasts
 19543 | Lair:7   | Offered knowledge of Delayed Fireball by Vehumet.
 19822 | Lair:8   | Learned a level 6 spell: Deflect Missiles
 19853 | Lair:8   | Reached XP level 14. HP: 73/84 MP: 20/40
 19868 | Lair:8   | Reached skill level 1 in Charms
 20264 | Lair:8   | Reached skill level 16 in Fire Magic
 20958 | Lair:8   | Offered knowledge of Orb of Destruction by Vehumet.
 20967 | Lair:8   | Learned a level 7 spell: Orb of Destruction
 22632 | Orc:3    | Noticed Scytale's ghost (powerful TeAE)
 22636 | Orc:3    | Killed Scytale's ghost
 22734 | Orc:4    | Noticed Urug
 22734 | Orc:4    | Noticed Saint Roka
 22932 | Orc:3    | Reached skill level 5 in Charms
 23001 | Orc:4    | Noticed Nessos
 23246 | Orc:4    | Noticed an ogre mage
 23248 | Orc:4    | Noticed an ogre mage
 23588 | Orc:3    | Killed Saint Roka
 23857 | Orc:3    | Cast into the Abyss (ogre mage)
 23997 | Abyss:1  | Found a corrupted altar of Lugonu.
 24049 | Abyss:1  | Noticed a tentacled starspawn
 24170 | Abyss:1  | Noticed a tentacled starspawn
 24226 | Abyss:1  | Noticed a hellephant
 24236 | Abyss:1  | Noticed a bone dragon
 24255 | Abyss:1  | Found an ancient bone altar of Kikubaaqudgha.
 24486 | Abyss:2  | Found a corrupted altar of Lugonu.
 24586 | Abyss:4  | Found a corrupted altar of Lugonu.
 24624 | Abyss:4  | Found a corrupted altar of Lugonu.
 24780 | Abyss:4  | Found a corrupted altar of Lugonu.
 24836 | Orc:3    | Escaped the Abyss
 24838 | Orc:3    | Killed from afar by an ogre mage

Action                   |  1- 3 |  4- 6 |  7- 9 | 10-12 | 13-15 || total
-------------------------+-------+-------+-------+-------+-------++-------
Melee: Dagger            |     1 |    12 |       |       |       ||    13
       Short sword       |       |       |    38 |   157 |   162 ||   357
 Cast: Flame Tongue      |    73 |   165 |   190 |   287 |   225 ||   940
       Conjure Flame     |     1 |       |    24 |    16 |    10 ||    51
       Sticky Flame      |       |     5 |    16 |    78 |    97 ||   196
       Fireball          |       |       |     6 |    96 |   145 ||   247
       Ignite Poison     |       |       |     6 |    30 |    36 ||    72
       Freezing Cloud    |       |       |       |       |    10 ||    10
       Orb of Destructio |       |       |       |       |    12 ||    12
       Flight            |       |       |       |       |     1 ||     1
 Abil: Evoke Blink       |       |       |       |     2 |    10 ||    12
       Evoke Teleportati |       |       |       |       |     4 ||     4
Evoke: Wand              |       |       |     1 |     9 |     1 ||    11
  Use: Scroll            |     9 |       |     8 |    16 |    12 ||    45
       Potion            |     1 |     4 |    16 |     7 |    11 ||    39
 Stab: Sleeping          |       |     1 |     2 |     1 |     2 ||     6
